 Dungeon Crawl Stone Soup version 0.28-a0-1167-g616b1c6417 (webtiles) character file.

Game seed: 7860710608508944219

30 LadyOphelia the Cutter (level 3, -1/27 HPs)
             Began as a Vampire Gladiator on Dec 16, 2021.
             Slain by Terence (3 damage)
             ... on level 2 of the Dungeon.
             The game lasted 00:03:45 (873 turns).

LadyOphelia the Cutter (Vampire Gladiator)           Turns: 873, Time: 00:03:46

Health: -1/27      AC:  4    Str: 13    XL:     3   Next: 5%
Magic:  3/3        EV: 13    Int: 10    God:
Gold:   56         SH:  5    Dex: 17    Spells: 2/2 levels left

rFire   + . .      SeeInvis +   a - +0 rapier
rCold   x . .      Faith    .   (no shield)
rNeg    . . .      Spirit   .   b - +0 leather armour
rPois   .          Reflect  +   c - +0 helmet
rElec   .          Harm     .   (no cloak)
rCorr   .          Rampage  .   (no gloves)
Will    .....                   (no boots)
Stlth   +.........              g - amulet of reflection
HPRegen 0.29/turn               l - ring of fire
MPRegen 0.08/turn               (no ring)

@: healing quickly
A: alive, fangs 3, see invisible, vampiric 2
a: Exsanguinate


You were on level 2 of the Dungeon.
You visited 1 branch of the dungeon, and saw 2 of its levels.

You collected 56 gold pieces.

Inventory:

Hand Weapons
 a - a +0 rapier (weapon)
Missiles
 d - 3 throwing nets (quivered)
Armour
 b - a +0 leather armour (worn)
 c - a +0 helmet (worn)
Jewellery
 g - an amulet of reflection (around neck)
 l - a ring of fire (left hand)
Scrolls
 e - 3 scrolls of identify {unknown}
 f - a scroll of enchant armour {unknown}
 j - 3 scrolls of vulnerability {unknown}
 k - a scroll of silence {unknown}
 m - a scroll of amnesia {unknown}
Potions
 h - a potion of berserk rage {unknown}
 i - a potion of curing {unknown}


   Skills:
 + Level 2.0 Fighting
 + Level 4.2 Short Blades
 + Level 1.6 Throwing
 + Level 0.1 Armour
 + Level 3.5 Dodging


You had 2 spell levels left.
You didn't know any spells.
Your spell library was empty.

Dungeon Overview and Level Annotations

Branches:
Dungeon (2/15)

Altars:

Annotations:
D:2 Terence


Innate Abilities, Weirdness & Mutations

Your natural rate of healing is accelerated.
You have razor-sharp teeth.
You have supernaturally acute eyesight. (SInv)
You are afflicted with vampirism and can become a bat while bloodless.


Message History

Terence barely misses you.
You hit Terence but do no damage.
Terence is moderately wounded.
Terence closely misses you.
You closely miss Terence.
Terence is moderately wounded.
Terence hits you with a +0 mace.
You puncture Terence!
Terence is heavily wounded.
Terence barely misses you.
You hit Terence.
Terence is severely wounded.
Terence hits you with a +0 mace.
You barely miss Terence. Your bite misses Terence.
Terence is severely wounded.
Terence completely misses you.
You hit Terence.
Terence is severely wounded.
Terence hits you but does no damage.
You hit Terence but do no damage.
Terence is severely wounded.
Terence hits you with a +0 mace.
You hit Terence but do no damage.
Terence is severely wounded.
Terence zaps a wand.
You resist with some effort.
You hit Terence but do no damage.
Terence is severely wounded.
Terence hits you with a +0 mace.
* * * LOW HITPOINT WARNING * * *
You hit Terence. Your bite misses Terence.
Terence is almost dead.
Terence hits you with a +0 mace!
* * * LOW HITPOINT WARNING * * *
You hit Terence but do no damage.
Terence is almost dead.
Terence closely misses you.
You barely miss Terence.
Terence is almost dead.
Terence hits you with a +0 mace.
You die...

# #....# # #....+ # ..
#....# ### ... #....#
#.. ...###....#+## #..
.............# #..
#.....@.....# #..
#.....@.....# #..
#.....$.....#########..
#...........+..........
#...........###########
#...........#......# #
#...........#.####.# #
##########..#.#.<#.# #
#..#.##.#.####
#..#....#.....


You could see Terence.

Vanquished Creatures
  A worm (D:2)
  A dart slug (D:1)
  A ball python (D:2)
  An endoplasm (D:1)
  A giant cockroach (D:2)
  2 goblins (D:2)
  3 hobgoblins
  2 quokkas
  2 bats (D:1)
  4 kobolds
  7 rats
25 creatures vanquished.

Notes
Turn   | Place    | Note
-------+----------+-------------------------------------------
     0 | D:1      | LadyOphelia the Vampire Gladiator began the quest for the
                  | Orb.
     0 | D:1      | Reached XP level 1. HP: 16/16 MP: 1/1
    99 | D:1      | Reached XP level 2. HP: 22/22 MP: 2/2
   646 | D:2      | Reached skill level 4 in Short Blades
   811 | D:2      | Gained mutation: You are afflicted with vampirism and can
                  | become a bat while bloodless. [Vampire growth]
   811 | D:2      | Reached XP level 3. HP: 27/27 MP: 3/3
   845 | D:2      | Noticed Terence
   871 | D:2      | HP: 1/27 [Terence (7)]
   873 | D:2      | Slain by Terence

Illustrated notes

Levels and vault maps discovered:
D:1:      giann_forest_graveyard, layout_rooms, minivault_4,
          serial_bayou_pond_d, minmay_misc_feat_x
D:2:      layout_basic, serial_park_tiny_pond, uniq_terence

Skill      XL: |  1  2 |
---------------+-------+-----
Fighting       | 2 |  2.0
Short Blades   | 4 |  4.2
Throwing       | |  1.6
Armour         | |  0.1
Dodging        | |  3.5

Action                   || total
-------------------------++-------
Melee: Rapier            ||    83
       Bite              ||     7
Armor: Leather armour    ||    21
Dodge: Dodged            ||    46
Block: Other             ||     8
       Reflection        ||     1

Table legend: (Time is in decaauts)
 A = Elapsed time spent in this place.
 B = Non-inter-level travel time spent in this place.
 C = Inter-level travel time spent in this place.
 D = Time resting spent in this place.
 E = Time spent auto-exploring this place.
 F = Levels seen in this place.
 G = Mean time per level.
                   A        B        C        D        E       F      G
               +--------+--------+--------+--------+--------+-----+--------+
         Total |    874 |    855 |     19 |      0 |    565 |   2 |  437.0 |
       Dungeon |    874 |    855 |     19 |      0 |    565 |   2 |  437.0 |
               +--------+--------+--------+--------+--------+-----+--------+

Top non-repeatable levels by time:
     D:1: 570 daAuts
     D:2: 303 daAuts
